| TOP OF THE 1ST |
|
Delmarva Shorebirds batting - Pitching for West Michigan Whitecaps : RHP Jorge Castaneda
|
|
Pitching: RHP Jorge Castaneda
|
|
|
Batting: RHB Danny Merrill
|
0-0: Ball 1-0: Called Strike 1-1: Foul Ball, location: 2F 1-2: Foul Ball, location: 2F 1-2: Foul Ball, location: 2F 1-2: Ball 2-2: Ball 3-2: SINGLE (Groundball, 15S, EV 68.1 MPH) (infield hit)
|
|
Batting: RHB Alex Valencia
|
0-0: Ball 1-0: SINGLE (Groundball, 4D, EV 110.6 MPH) Danny Merrill to second Runner from 2nd tries for 3rd, SAFE, throw by CF made to third
|
|
Batting: LHB Tom Edwards
|
0-0: Fly out, F4 (Line Drive, 34D, EV 73.8 MPH)
|
|
Batting: LHB Justin Moore
|
0-0: DOUBLE (Line Drive, 89XD, EV 100.0 MPH) Danny Merrill scores Alex Valencia to third Runner from 3rd tries for Home, SAFE, throw by RF to trailing runner, SAFE at third!
|
|
Batting: LHB Mike Sloan
|
0-0: SINGLE (Flyball, 78M, EV 100.0 MPH) Justin Moore scores
|
|
Batting: RHB Jon Zimmerman
|
0-0: SINGLE (Groundball, 56D, EV 103.1 MPH) Mike Sloan to second
|
|
Batting: RHB Antonio Gamez
|
0-0: Called Strike 0-1: Foul Ball, location: 2F 0-2: Foul Ball, location: 2F 0-2: Ball 1-2: Ball 2-2: Ball 3-2: Foul Ball, location: 2F 3-2: Base on Balls Mike Sloan to third Jon Zimmerman to second
|
|
Batting: RHB Adam Swimmer
|
0-0: Called Strike 0-1: DOUBLE (Line Drive, 9LS, EV 100.6 MPH) Mike Sloan scores Jon Zimmerman scores Antonio Gamez to third Runner from 3rd tries for Home, SAFE, throw by RF to trailing runner, OUT at third! 9-3-5
|
|
Batting: LHB Rodolfo Montes
|
0-0: SINGLE (Line Drive, 5D, EV 95.0 MPH)
|
|
Pitching: LHP Chris Thomas
|
|
|
Batting: RHB Danny Merrill
|
0-0: Ball 1-0: Called Strike 1-1: Swinging Strike 1-2: Strikes out swinging
|
| Top of the 1st over - 6 runs, 7 hits, 0 errors, 1 left on base; Delmarva 6 - West Michigan 0 |
| BOTTOM OF THE 1ST |
|
West Michigan Whitecaps batting - Pitching for Delmarva Shorebirds : RHP Matt Talaski
|
|
Pitching: RHP Matt Talaski
|
|
|
Batting: RHB Brandon O'Malley
|
0-0: Called Strike 0-1: Ball 1-1: Swinging Strike 1-2: SINGLE (Line Drive, 89S, EV 101.2 MPH)
|
|
Batting: RHB Jon Goldstein
|
0-0: Ball 1-0: Hit by Pitch Brandon O'Malley to second
|
|
Batting: LHB George Moran
|
0-0: Called Strike 0-1: SINGLE (Groundball, 4MD, EV 98.8 MPH) Brandon O'Malley to third Jon Goldstein to second
|
|
Batting: SHB Chris Wagler
|
0-0: Ball 1-0: Ball 2-0: Foul Ball, location: 2F 2-1: Ball 3-1: Foul Ball, location: 2F 3-2: Foul Ball, location: 2F 3-2: Strikes out looking
|
|
Batting: RHB Joe Zimmerman
|
0-0: Called Strike 0-1: Foul Ball, location: 2F 0-2: Strikes out swinging
|
|
Batting: LHB Brad Gaskill
|
0-0: Ball 1-0: Ball 2-0: Ball 3-0: Base on Balls Brandon O'Malley scores Jon Goldstein to third George Moran to second
|
|
Batting: LHB Steve Herrera
|
0-0: Foul Ball, location: 2F 0-1: Called Strike 0-2: Strikes out swinging
|
| Bottom of the 1st over - 1 run, 2 hits, 0 errors, 3 left on base; Delmarva 6 - West Michigan 1 |
| TOP OF THE 2ND |
|
Delmarva Shorebirds batting - Pitching for West Michigan Whitecaps : LHP Chris Thomas
|
|
Batting: RHB Alex Valencia
|
0-0: Ball 1-0: Ball 2-0: SINGLE (Groundball, 3S, EV 69.4 MPH) (infield hit)
|
|
Batting: LHB Tom Edwards
|
0-0: Called Strike 0-1: Foul Ball, location: 2F 0-2: Ball 1-2: Ball Wild Pitch! Alex Valencia to second 2-2: Foul Ball, location: 2F 2-2: Fly out, F6 (Flyball, 4MD, EV 85.6 MPH)
|
|
Batting: LHB Justin Moore
|
0-0: Ball 1-0: Foul Ball, location: 2F 1-1: Foul Ball, location: 2F 1-2: SINGLE (Groundball, 4MD, EV 104.4 MPH) Alex Valencia to third
|
|
Batting: LHB Mike Sloan
|
0-0: Called Strike 0-1: Ball 1-1: Ball 2-1: Foul Ball, location: 2F 2-2: Ball 3-2: Fly out, F7 (Line Drive, 7S, EV 94.4 MPH)
|
|
Batting: RHB Jon Zimmerman
|
0-0: Foul Ball, location: 2F 0-1: Swinging Strike 0-2: Foul Ball, location: 2F 0-2: Ball 1-2: Fly out, F7 (Line Drive, 7, EV 96.2 MPH)
|
| Top of the 2nd over - 0 runs, 2 hits, 0 errors, 2 left on base; Delmarva 6 - West Michigan 1 |
| BOTTOM OF THE 2ND |
|
West Michigan Whitecaps batting - Pitching for Delmarva Shorebirds : RHP Matt Talaski
|
|
Batting: RHB Jamie Villagrana
|
0-0: Ball 1-0: Called Strike 1-1: Ball 2-1: Fly out, F9 (Flyball, 89M, EV 93.8 MPH)
|
|
Batting: RHB Ernst Meloche
|
0-0: Ground out 1-3 (Groundball, 34S, EV 66.9 MPH)
|
|
Batting: RHB Brandon O'Malley
|
0-0: Called Strike 0-1: Called Strike 0-2: Ball 1-2: Ball 2-2: Foul Ball, location: 2F 2-2: Ball 3-2: Foul Ball, location: 2F 3-2: Fly out, F7 (Flyball, 78M, EV 85.6 MPH)
|
| Bottom of the 2nd over - 0 runs, 0 hits, 0 errors, 0 left on base; Delmarva 6 - West Michigan 1 |
| TOP OF THE 3RD |
|
Delmarva Shorebirds batting - Pitching for West Michigan Whitecaps : LHP Chris Thomas
|
|
Batting: RHB Antonio Gamez
|
0-0: Ball 1-0: Fly out, F8 (Flyball, 8RD, EV 105.0 MPH)
|
|
Batting: RHB Adam Swimmer
|
0-0: Foul Ball, location: 2F 0-1: Foul Ball, location: 2F 0-2: Ball 1-2: Ball 2-2: Ground out 5-3 (Groundball, 56, EV 89.4 MPH)
|
|
Batting: LHB Rodolfo Montes
|
0-0: Called Strike 0-1: Swinging Strike 0-2: Foul Ball, location: 2F 0-2: SINGLE (Groundball, 34, EV 100.0 MPH)
|
|
Batting: RHB Danny Merrill
|
0-0: Called Strike 0-1: Ball 1-1: Ball 2-1: Foul Ball, location: 2F 2-2: SINGLE (Line Drive, 89S, EV 99.4 MPH) Rodolfo Montes to second
|
|
Pitching: RHP Matt Sturge
|
|
|
Batting: RHB Alex Valencia
|
0-0: Called Strike 0-1: Fly out, F9 (Flyball, 9LM, EV 90.6 MPH)
|
| Top of the 3rd over - 0 runs, 2 hits, 0 errors, 2 left on base; Delmarva 6 - West Michigan 1 |
| BOTTOM OF THE 3RD |
|
West Michigan Whitecaps batting - Pitching for Delmarva Shorebirds : RHP Matt Talaski
|
|
Batting: RHB Jon Goldstein
|
0-0: Ball 1-0: Called Strike 1-1: Called Strike 1-2: Ball 2-2: Ball 3-2: Base on Balls
|
|
Batting: LHB George Moran
|
0-0: Called Strike 0-1: Ball 1-1: Swinging Strike 1-2: Ball Wild Pitch! Jon Goldstein to second 2-2: Strikes out swinging
|
|
Batting: SHB Chris Wagler
|
0-0: Ground out 4-3 (Groundball, 4MS, EV 80.6 MPH) Jon Goldstein to third
|
|
Batting: RHB Joe Zimmerman
|
0-0: Called Strike 0-1: Swinging Strike 0-2: Strikes out swinging
|
| Bottom of the 3rd over - 0 runs, 0 hits, 0 errors, 1 left on base; Delmarva 6 - West Michigan 1 |
| TOP OF THE 4TH |
|
Delmarva Shorebirds batting - Pitching for West Michigan Whitecaps : RHP Matt Sturge
|
|
Batting: LHB Tom Edwards
|
0-0: Called Strike 0-1: SOLO HOME RUN (Line Drive, 89XD, EV 111.2 MPH), Distance : 428 ft
|
|
Batting: LHB Justin Moore
|
0-0: Called Strike 0-1: Foul Ball, location: 2F 0-2: Strikes out swinging
|
|
Batting: LHB Mike Sloan
|
0-0: Ground out 4-3 (Groundball, 4, EV 80.6 MPH)
|
|
Batting: RHB Jon Zimmerman
|
0-0: Ground out 6-3 (Groundball, P, EV 81.9 MPH)
|
| Top of the 4th over - 1 run, 1 hit, 0 errors, 0 left on base; Delmarva 7 - West Michigan 1 |
| BOTTOM OF THE 4TH |
|
West Michigan Whitecaps batting - Pitching for Delmarva Shorebirds : RHP Matt Talaski
|
|
Batting: LHB Brad Gaskill
|
0-0: Called Strike 0-1: Foul Ball, location: 2F 0-2: Strikes out swinging
|
|
Batting: LHB Steve Herrera
|
0-0: Ball 1-0: Fly out, F7 (Line Drive, 7D, EV 91.2 MPH)
|
|
Batting: RHB Jamie Villagrana
|
0-0: Ball 1-0: Foul Ball, location: 2F 1-1: Called Strike 1-2: Ball 2-2: Foul Ball, location: 2F 2-2: Strikes out swinging
|
| Bottom of the 4th over - 0 runs, 0 hits, 0 errors, 0 left on base; Delmarva 7 - West Michigan 1 |
| TOP OF THE 5TH |
|
Delmarva Shorebirds batting - Pitching for West Michigan Whitecaps : RHP Matt Sturge
|
|
Batting: RHB Antonio Gamez
|
0-0: Ball 1-0: Ball 2-0: Called Strike 2-1: Called Strike 2-2: Strikes out swinging
|
|
Batting: RHB Adam Swimmer
|
0-0: Called Strike 0-1: Swinging Strike 0-2: Ball 1-2: Ground out 6-3 (Groundball, 6, EV 103.1 MPH)
|
|
Batting: LHB Rodolfo Montes
|
0-0: Swinging Strike 0-1: Swinging Strike 0-2: Ball 1-2: Strikes out looking
|
| Top of the 5th over - 0 runs, 0 hits, 0 errors, 0 left on base; Delmarva 7 - West Michigan 1 |
| BOTTOM OF THE 5TH |
|
West Michigan Whitecaps batting - Pitching for Delmarva Shorebirds : RHP Matt Talaski
|
|
Batting: RHB Ernst Meloche
|
0-0: Swinging Strike 0-1: Ball 1-1: Ball 2-1: Foul Ball, location: 2F 2-2: Ball 3-2: Ground out 5-3 (Groundball, 5, EV 109.4 MPH)
|
|
Batting: RHB Brandon O'Malley
|
0-0: Called Strike 0-1: Called Strike 0-2: Strikes out looking
|
|
Batting: RHB Jon Goldstein
|
0-0: Swinging Strike 0-1: Swinging Strike 0-2: Ball 1-2: Strikes out swinging
|
| Bottom of the 5th over - 0 runs, 0 hits, 0 errors, 0 left on base; Delmarva 7 - West Michigan 1 |
| TOP OF THE 6TH |
|
Delmarva Shorebirds batting - Pitching for West Michigan Whitecaps : RHP Matt Sturge
|
|
Batting: RHB Danny Merrill
|
0-0: Ball 1-0: Ball 2-0: Swinging Strike 2-1: Foul Ball, location: 2F 2-2: Strikes out looking
|
|
Batting: RHB Alex Valencia
|
0-0: Foul Ball, location: 2F 0-1: Swinging Strike 0-2: Hit by Pitch
|
|
Batting: LHB Tom Edwards
|
0-0: Swinging Strike 0-1: Ball 1-1: Fielders Choice at 2nd, 4-6 (Groundball, 4, EV 102.5 MPH)
|
|
Batting: LHB Justin Moore
|
0-0: Called Strike 0-1: Ball 1-1: SINGLE (Flyball, 5D, EV 93.1 MPH) Tom Edwards to second Runner from 2nd tries for 3rd, SAFE, throw by LF made to third
|
|
Batting: LHB Mike Sloan
|
0-0: Called Strike 0-1: SINGLE (Groundball, 3D, EV 106.2 MPH) Tom Edwards scores Justin Moore to second Runner from 2nd tries for 3rd, OUT! 9-5
|
| Top of the 6th over - 1 run, 2 hits, 0 errors, 1 left on base; Delmarva 8 - West Michigan 1 |
| BOTTOM OF THE 6TH |
|
West Michigan Whitecaps batting - Pitching for Delmarva Shorebirds : RHP Matt Talaski
|
|
Batting: LHB George Moran
|
0-0: Ball 1-0: Swinging Strike 1-1: Ball 2-1: Foul Ball, location: 2F 2-2: SINGLE (Groundball, 6, EV 96.9 MPH)
|
|
Batting: SHB Chris Wagler
|
0-0: Called Strike George Moran steals 2nd base 0-1: Ball 1-1: Ball 2-1: SINGLE (Flyball, 56D, EV 92.5 MPH) George Moran to third
|
|
Batting: RHB Joe Zimmerman
|
0-0: Ball 1-0: Ball 2-0: Foul Ball, location: 2F 2-1: Grounds into double play, 4-6-3 (Groundball, 34, EV 86.2 MPH) George Moran scores
|
|
Batting: LHB Brad Gaskill
|
0-0: Called Strike 0-1: Fly out, F8 (Flyball, 8LM, EV 94.4 MPH)
|
| Bottom of the 6th over - 1 run, 2 hits, 0 errors, 0 left on base; Delmarva 8 - West Michigan 2 |
| TOP OF THE 7TH |
|
Delmarva Shorebirds batting - Pitching for West Michigan Whitecaps : RHP Matt Sturge
|
|
Pitching: RHP Jerome Stady
|
|
|
Batting: RHB Jon Zimmerman
|
0-0: Swinging Strike 0-1: Ball 1-1: Swinging Strike 1-2: Ball 2-2: Strikes out swinging
|
|
Batting: RHB Antonio Gamez
|
0-0: Ball 1-0: Ground out 3-1 (Groundball, 34, EV 76.2 MPH)
|
|
Batting: RHB Adam Swimmer
|
0-0: Swinging Strike 0-1: Swinging Strike 0-2: Strikes out swinging
|
| Top of the 7th over - 0 runs, 0 hits, 0 errors, 0 left on base; Delmarva 8 - West Michigan 2 |
| BOTTOM OF THE 7TH |
|
West Michigan Whitecaps batting - Pitching for Delmarva Shorebirds : RHP Matt Talaski
|
|
Pitching: LHP Randy Yarrigle
|
|
|
Batting: LHB Steve Herrera
|
0-0: Called Strike 0-1: Ball 1-1: Ball 2-1: Ball 3-1: Called Strike 3-2: Foul Ball, location: 2F 3-2: Ground out U3 (Groundball, 34S, EV 90.6 MPH)
|
|
Batting: RHB Jamie Villagrana
|
0-0: Ball 1-0: Ball 2-0: Called Strike 2-1: Swinging Strike 2-2: Ball 3-2: Foul Ball, location: 2F 3-2: Foul Ball, location: 2F 3-2: Ground out U3 (Groundball, 3L, EV 85.0 MPH)
|
|
Batting: RHB Ernst Meloche
|
0-0: Ball 1-0: Ball 2-0: Called Strike 2-1: Ground out 4-3 (Groundball, 4, EV 90.0 MPH)
|
| Bottom of the 7th over - 0 runs, 0 hits, 0 errors, 0 left on base; Delmarva 8 - West Michigan 2 |
| TOP OF THE 8TH |
|
Delmarva Shorebirds batting - Pitching for West Michigan Whitecaps : RHP Jerome Stady
|
|
Batting: LHB Rodolfo Montes
|
0-0: Ground out 6-3 (Groundball, 6, EV 104.4 MPH)
|
|
Batting: RHB Danny Merrill
|
0-0: Fly out, F9 (Flyball, 89D, EV 101.9 MPH)
|
|
Batting: RHB Alex Valencia
|
0-0: Ball 1-0: Ball 2-0: Swinging Strike 2-1: Foul Ball, location: 2F 2-2: Ball 3-2: SINGLE (Groundball, 4S, EV 71.2 MPH) (infield hit)
|
|
Batting: LHB Tom Edwards
|
0-0: Ball Alex Valencia steals 2nd base 1-0: Foul Ball, location: 2F 1-1: Ball 2-1: SINGLE (Groundball, 3D, EV 103.1 MPH) Alex Valencia to third Runner from 3rd tries for Home, throw by RF and OUT! 9-2
|
| Top of the 8th over - 0 runs, 2 hits, 0 errors, 1 left on base; Delmarva 8 - West Michigan 2 |
| BOTTOM OF THE 8TH |
|
West Michigan Whitecaps batting - Pitching for Delmarva Shorebirds : LHP Randy Yarrigle
|
|
Batting: RHB Brandon O'Malley
|
0-0: Called Strike 0-1: Swinging Strike 0-2: Ball 1-2: Ball 2-2: Strikes out swinging
|
|
Batting: RHB Jon Goldstein
|
0-0: Swinging Strike 0-1: Foul Ball, location: 2F 0-2: Ball 1-2: Ground out 5-3 (Groundball, 5L, EV 83.8 MPH)
|
|
Batting: LHB George Moran
|
0-0: Ball 1-0: Foul Ball, location: 2F 1-1: Foul Ball, location: 2F 1-2: SINGLE (Groundball, 4MD, EV 106.9 MPH) (infield hit)
|
|
Batting: SHB Chris Wagler
|
0-0: Reached on error, E2 (Groundball, 15S, EV 68.8 MPH) George Moran to third
|
|
Batting: RHB Joe Zimmerman
|
0-0: Foul Ball, location: 2F 0-1: Ball 1-1: Called Strike 1-2: Ball 2-2: Foul Ball, location: 2F 2-2: Foul Ball, location: 2F 2-2: Foul Ball, location: 2F 2-2: DOUBLE (Line Drive, 7LM, EV 106.2 MPH) George Moran scores Chris Wagler scores
|
|
Pitching: LHP Juan Becerra
|
|
|
Now at 1B: Danny Merrill
|
|
|
Now at 2B: Tom Edwards
|
|
|
Now at SS: Lee Deason
|
|
|
Batting: RHB Tony Nunez
|
0-0: Swinging Strike 0-1: Ball 1-1: Ball 2-1: Ball 3-1: Swinging Strike 3-2: Strikes out swinging
|
| Bottom of the 8th over - 2 runs, 2 hits, 1 error, 1 left on base; Delmarva 8 - West Michigan 4 |
| TOP OF THE 9TH |
|
Delmarva Shorebirds batting - Pitching for West Michigan Whitecaps : RHP Jerome Stady
|
|
Pitching: RHP Juan Murillo
|
|
|
Batting: LHB Justin Moore
|
0-0: Ball 1-0: Called Strike 1-1: Ball 2-1: Foul Ball, location: 2F 2-2: Foul Ball, location: 2F 2-2: Ball 3-2: Strikes out looking
|
|
Batting: RHB Lee Deason
|
0-0: Called Strike 0-1: Swinging Strike 0-2: Strikes out swinging
|
|
Batting: RHB Jon Zimmerman
|
0-0: Called Strike 0-1: Ball 1-1: Foul Ball, location: 2F 1-2: Ball 2-2: Ball 3-2: Base on Balls
|
|
Batting: RHB Antonio Gamez
|
0-0: Foul Ball, location: 2F 0-1: Foul Ball, location: 2F 0-2: Strikes out swinging
|
| Top of the 9th over - 0 runs, 0 hits, 0 errors, 1 left on base; Delmarva 8 - West Michigan 4 |
| BOTTOM OF THE 9TH |
|
West Michigan Whitecaps batting - Pitching for Delmarva Shorebirds : LHP Juan Becerra
|
|
Batting: LHB Steve Herrera
|
0-0: Ball 1-0: Swinging Strike 1-1: Ball 2-1: Called Strike 2-2: SOLO HOME RUN (Flyball, 9D, EV 98.1 MPH), Distance : 378 ft
|
|
Pitching: RHP Josh Blankenship
|
|
|
Batting: RHB Jamie Villagrana
|
0-0: Ball 1-0: Called Strike 1-1: Ball 2-1: Foul Ball, location: 2F 2-2: Strikes out looking
|
|
Pinch Hitting: SHB Willie Medina
|
0-0: Ball 1-0: Called Strike 1-1: Foul Ball, location: 2F 1-2: Foul Ball, location: 2F 1-2: Ball 2-2: Strikes out swinging
|
|
Batting: RHB Brandon O'Malley
|
0-0: Foul Ball, location: 2F 0-1: Ball 1-1: Ground out 6-3 (Groundball, 6, EV 98.1 MPH)
|
| Bottom of the 9th over - 1 run, 1 hit, 0 errors, 0 left on base; Delmarva 8 - West Michigan 5 |
|